 Dungeon Crawl Stone Soup version 0.27-a0-594-g2aaa8dbbc2 (webtiles) character file.

Game seed: 12398305224170371901

0 CurlyBrace the Caller (level 1, 0/7 HPs)
             Began as a Felid Summoner on Mar 11, 2021.
             Slain by an adder (2 damage)
             ... on level 3 of the Dungeon.
             The game lasted 00:00:35 (56 turns).

CurlyBrace the Caller (Felid Summoner)                Turns: 56, Time: 00:00:35

Health: 0/7        AC:  1    Str:  4    XL:     1   Next: 8%
Magic:  4/4        EV: 17    Int: 16    God:
Gold:   9          SH:  0    Dex: 16    Spells: 3/4 levels left
                                        Lives:  0   Deaths: 0

rFire    . . .     SeeInvis +   (weapon unavailable)
rCold    . . .     Faith    .   (shield unavailable)
rNeg     . . .     Spirit   .   (armour unavailable)
rPois    .         Reflect  .   (helmet unavailable)
rElec    .         Harm     .   (cloak unavailable)
rCorr    .         Rampage  .   (gloves unavailable)
Will     .....                  (boots unavailable)
Stlth    +++.......             (no amulet)
HPRegen  0.02/turn              (no ring)
MPRegen  0.09/turn              (no ring)

@: attractive, quick
A: very small, claws 1, fangs 3, see invisible, speed 1, shaggy fur 1, stealthy
paws, no weapons or thrown items, no armour, multi-lived
a: no special abilities


You were on level 3 of the Dungeon.
You visited 1 branch of the dungeon, and saw 3 of its levels.

You collected 9 gold pieces.

Inventory:

Scrolls
 a - a scroll of teleportation {unknown}
 c - a scroll of blinking {unknown}


   Skills:
 * Level 0.1 Fighting
 + Level 2.7 Dodging
 + Level 2.7 Stealth
 * Level 0.0 Unarmed Combat
 - Level 2.0 Spellcasting
 - Level 4.0 Summonings


You had 3 spell levels left.
You knew the following spells:

 Your Spells              Type           Power      Damage    Failure   Level
a - Summon Small Mammal   Summ           56%        N/A       4%          1

Your spell library contained the following spells:

 Spells                   Type           Power      Damage    Failure   Level
 Call Imp                 Summ           14%        N/A       6%          2
 Call Canine Familiar     Summ           14%        N/A       12%         3
 Summon Guardian Golem    Hex/Summ       8%         N/A       26%         3
 Summon Ice Beast         Ice/Summ       8%         N/A       65%         4
 Summon Lightning Spire   Summ/Air       8%         N/A       65%         4


Dungeon Overview and Level Annotations

Branches:
Dungeon (3/15)

Altars:


Innate Abilities, Weirdness & Mutations

You have sharp claws.
You have razor-sharp teeth.
You have supernaturally acute eyesight. (SInv)
You cover ground quickly. (Speed+)
You are covered in fur. (AC +1)
Your stealthy paws help you sneak and pounce on unaware monsters.
You are incapable of wielding weapons or throwing items.
You cannot wear armour.
You gain extra lives every three experience levels.


Message History

You see here a blue potion.
b - a blue potion You see here a scroll labelled RUWAUHO ICAEG.
c - a scroll labelled RUWAUHO ICAEG You open the door.
There is a shaft here.
Really dive through this shaft in the floor?
You fall into a shaft and drop 1 floor!
The shaft crumbles and collapses.
Found 9 gold pieces.
Found an escape hatch in the ceiling.
Found a chain mail.
A leopard gecko and a hobgoblin come into view.
The hobgoblin shouts!
Found an escape hatch in the floor.
The leopard gecko hisses angrily.
The leopard gecko hisses menacingly.
The leopard gecko hisses menacingly.
You see here 9 gold pieces.
You now have 9 gold pieces.
You barely miss the hobgoblin. The hobgoblin barely misses you.
The hobgoblin closely misses you. The leopard gecko misses you.
There is an escape hatch in the floor here.
Really go through this one-way escape hatch?
The leopard gecko misses you. The hobgoblin hits you.
Ouch! That really hurt!
* * * LOW HITPOINT WARNING * * *
You slide downwards.
The hatch slams shut behind you.
An adder comes into view.
Found 12 gold pieces.
Found a stone staircase leading down.
Unknown command.
It was a potion of attraction.
You feel attractive to monsters. The leopard gecko misses you.
The hobgoblin closely misses you. The adder is pulled toward you!
You pounce on the unaware helpless adder!
You scratch the adder.
The adder is heavily wounded.
The adder bites you.
You die...

....
########+#....
#......$.....#
#............+
#............#
#.........>..#
#......l.....#
#....g@S.....#
#............#
##############


You could see an adder, a leopard gecko and a hobgoblin.

Vanquished Creatures
  A rat (D:1)
1 creature vanquished.

Notes
Turn   | Place    | Note
-------+----------+-------------------------------------------
     0 | D:1      | CurlyBrace the Felid Summoner began the quest for the Orb.
     0 | D:1      | Reached XP level 1. HP: 7/7 MP: 4/4
    35 | D:1      | You fall into a shaft and drop 1 floor!
    56 | D:3      | Slain by an adder

Illustrated notes

Levels and vault maps discovered:
D:1:      lemuel_arrival_lava_pool, layout_basic, chequers_serial_rivers_room_a
D:2:      layout_basic, serial_bayou_pond_b, minmay_box_of_dots
D:3:      layout_basic, nicolae_sif_muna_little_library,
          nicolae_ru_the_path_less_chosen

Action                   || total
-------------------------++-------
Melee: Unarmed           ||     3
       Bite              ||     1
  Use: Potion            ||     1
 Stab: Sleeping          ||     1
Dodge: Dodged            ||     6

Table legend: (Time is in decaauts)
 A = Elapsed time spent in this place.
 B = Non-inter-level travel time spent in this place.
 C = Inter-level travel time spent in this place.
 D = Time resting spent in this place.
 E = Time spent auto-exploring this place.
 F = Levels seen in this place.
 G = Mean time per level.
                   A        B        C        D        E       F      G
               +--------+--------+--------+--------+--------+-----+--------+
         Total |     46 |     46 |      0 |      0 |      0 |   3 |   15.3 |
       Dungeon |     46 |     46 |      0 |      0 |      0 |   3 |   15.3 |
               +--------+--------+--------+--------+--------+-----+--------+

Top non-repeatable levels by time:
     D:1: 29 daAuts
     D:2: 15 daAuts
     D:3: 1 daAuts
